Map: Eternal Empire LE

Players

akira - Winner!

  • Race: Protoss Protoss
  • League: Master
  • Spawn Location: 7:00

VOD

Have the link to the VOD?

Description

Time

  • Played on: May 2, 2020, 9:42 p.m.
  • Length: 8:16
Show
View Real Time Build Order
Export as new Build Order

akira Protoss - Winner!

Build Orders:  

Get SALT Encoding   

  12  0:05  Probe (Chrono Boost)  
  14  0:22  Probe (Chrono Boost)  
  14  0:25  Pylon  
  14  0:37  Probe (Chrono Boost)  
  15  0:48  Probe (Chrono Boost)  
  15  0:53  Gateway  
  16  1:00  Probe (Chrono Boost)  
  16  1:06  Assimilator  
  17  1:15  Probe (Chrono Boost)  
  17  1:17  Assimilator  
  18  1:26  Probe (Chrono Boost)  
  18  1:38  Probe (Chrono Boost)  
  19  1:43  Gateway  
  20  1:53  Probe (Chrono Boost)  
  21  2:00  Cybernetics Core  
  22  2:10  Probe (Chrono Boost)  
  22  2:14  Pylon  
  22  2:27  Probe (Chrono Boost)  
  23  2:44  Probe (Chrono Boost)  
  24  2:51  Stalker  
  24  2:52  Sentry  
  28  3:09  Pylon  
  28  3:32  Nexus  
  28  3:46  Robotics Facility  
  28  3:57  Stalker  
  30  4:02  Sentry  
  30  4:06  Probe  
  30  4:09  Warp Gate (Chrono Boost)  
  33  4:23  Probe  
  34  4:34  Pylon  
  34  4:48  Immortal (Chrono Boost)  
  35  4:55  Gateway  
  39  5:14  Sentry  
  39  5:19  Probe x2, Sentry  
  44  5:29  Warp Prism (Chrono Boost)  
  46  5:41  Probe  
  46  5:43  Probe  
  48  6:11  Stalker x2  
  48  6:13  Stalker  
  48  6:17  Probe  
  48  6:18  Probe  
  56  6:25  Pylon  
  56  6:34  Probe  
  56  6:35  Probe  
  58  6:52  Stalker x2  
  58  6:55  Stalker  
  58  6:59  Probe  
  65  7:00  Probe  
  66  7:10  Pylon  
  66  7:16  Probe  
  66  7:17  Probe  
  68  7:32  Stalker  
  68  7:35  Probe x2  
  68  7:37  Stalker x2  
  76  7:44  Assimilator  
  76  7:47  Assimilator  
  76  7:49  Probe x2 (Chrono Boost)  
  78  8:05  Pylon  
Tags
 
Add a new tag
Caveats
  • Supply blocks, unpowered buildings, or Contaminate may cause inaccurate times.
  • Supply counts are checked every 10 seconds.